 Dungeon Crawl Stone Soup version 0.24-a0-93-ge1bfdf8 (console) character file.

Game seed: 8534988189856801617

49 Duffy the Conjurer (level 3, 0/28 HPs)
             Began as a Naga Fire Elementalist on Feb 10, 2019.
             Slain by an orc
             ... wielding a +0 flail
              (2 damage)
             ... on level 3 of the Dungeon.
             The game lasted 00:01:58 (925 turns).

Duffy the Conjurer (Naga Fire Elementalist)          Turns: 925, Time: 00:01:59

Health: 0/28       AC:  2    Str: 10    XL:     3   Next: 77%
Magic:  0/6        EV: 10    Int: 16    God:
Gold:   0          SH:  0    Dex: 11    Spells: 2/6 levels left

rFire    . . .     SeeInvis +   c - 5 rations
rCold    . . .     Gourm    .   (no shield)
rNeg     . . .     Faith    .   a - +0 robe
rPois    +         Spirit   .   (no helmet)
rElec    .         Reflect  .   (no cloak)
rCorr    .         Harm     .   (no gloves)
MR       .....                  (no barding)
Stlth    ++........             (no amulet)
HPRegen  0.09/turn              (no ring)
MPRegen  0.10/turn              (no ring)

@: short of breath, very slightly contaminated, very slow
A: large, see invisible, deformed body, poison resistance, slowness 2, slow
metabolism 1, spit poison 1, AC +1
a: Spit Poison


You were on level 3 of the Dungeon.
You were not hungry.

You visited 1 branch of the dungeon, and saw 3 of its levels.

Inventory:

Hand Weapons
 i - a +2 dagger of freezing
Armour
 a - a +0 robe (worn)
 e - a +2 ring mail of cold resistance
Scrolls
 g - a scroll of random uselessness {unknown}
Potions
 b - a potion of curing {unknown}
 d - a potion of brilliance {unknown}
 h - a potion of ambrosia {unknown}
Comestibles
 c - 5 rations (in hand)
 f - a chunk of flesh


   Skills:
 - Level 1.5 Dodging
 - Level 3.0 Stealth
 + Level 2.1 Spellcasting
 + Level 3.2 Conjurations
 + Level 3.1 Fire Magic


You had 2 spell levels left.
You knew the following spells:

 Your Spells              Type           Power        Failure   Level  Hunger
h - Flame Tongue          Conj/Fire      ##...        5%          1    #......
l - Conjure Flame         Conj/Fire      ##......     17%         3    ###....

Your spell library contained the following spells:

 Spells                   Type           Power        Failure   Level  Hunger
 Throw Flame              Conj/Fire      ##....       9%          2    ###....
 Inner Flame              Hex/Fire       #.......     32%         3    ###....
 Sticky Flame             Conj/Fire      ##......     50%         4    #####..
 Fireball                 Conj/Fire      ##........   83%         5    ######.


Dungeon Overview and Level Annotations

Branches:
Dungeon (3/15)

Altars:
Trog


Innate Abilities, Weirdness & Mutations

You cannot wear boots.
Your serpentine skin is tough. (AC +1)
You have supernaturally acute eyesight. (SInv)
Armour fits poorly on your strangely shaped body.
Your system is resistant to poisons. (rPois)
You cover ground very slowly.
You have a slow metabolism.
You can spit poison.


Message History

Aim: an orc, wielding a +0 flail and wearing a +0 scale mail (lightly wounded)
The flame tongue hits the orc but does no damage.
The orc is lightly wounded.
The orc hits you with a +0 flail!
Cast which spell? (? or * to list)
Aiming: Flame Tongue (safe; 5% risk of failure)
Press: ? - help, Shift-Dir - straight line, f/p - orc
Aim: an orc, wielding a +0 flail and wearing a +0 scale mail (lightly wounded)
The flame tongue hits the orc but does no damage.
The orc is lightly wounded.
The orc barely misses you.
Cast which spell? (? or * to list)
You don't have enough magic to cast that spell.
Press: ? - help, Shift-Dir - straight line, f/p - orc
Aim: an orc, wielding a +0 flail and wearing a +0 scale mail (lightly wounded)
The splash of poison misses the orc.
The splash of poison hits the orc.
The orc is moderately wounded.
You feel slightly more hungry. The orc hits you with a +0 flail.
You die...

#...#
#####...#..
#...# ###...#
##.## #...#
#.#
######.#.#
#.#
###.)....#.#
#.#
##...######..
#.# ##..###
### #.# #..##
#@# #.##
#o####.#
#o##...#
#.##.###
#.##.# #.#..#
#...## #..##
#..#


You could see 2 orcs.

Vanquished Creatures
  An adder (D:3)
  An ooze (D:3)
  A worm (D:3)
  A dart slug (D:2)
  A leopard gecko (D:2)
  4 orcs
  A giant cockroach (D:2)
  A goblin (D:2)
  4 hobgoblins
  2 kobolds (D:2)
  2 quokkas (D:3)
  4 bats (D:2)
  3 rats
26 creatures vanquished.

Notes
Turn   | Place    | Note
-------+----------+-------------------------------------------
     0 | D:1      | Duffy the Naga Fire Elementalist began the quest for the
                  | Orb.
     0 | D:1      | Reached XP level 1. HP: 15/15 MP: 3/3
   290 | D:2      | Reached XP level 2. HP: 16/22 MP: 3/5
   454 | D:2      | Found a bloodstained altar of Trog.
   590 | D:3      | Reached XP level 3. HP: 28/28 MP: 1/6
   595 | D:3      | Learned a level 3 spell: Conjure Flame
   922 | D:3      | HP: 1/28 [orc/+0 flail (7)]
   925 | D:3      | Slain by an orc

Levels and vault maps discovered:
D:1:      wander_arrival_chamber, layout_basic
D:2:      layout_basic, lightli_temple_of_fire, kennysheep_crisscross,
          item_on_display_a
D:3:      layout_rooms, first_ration

Skill      XL: |  1  2  3 |
---------------+----------+-----
Conjurations   | 2 3 |  3.2
Dodging        | |  1.5
Stealth        | |  3.0
Spellcasting   | |  2.1
Fire Magic     | |  3.1

Action                   || total
-------------------------++-------
 Cast: Flame Tongue      ||    36
 Abil: Spit Poison       ||    17
  Eat: Chunk             ||     1
Armor: Robe              ||     4
Dodge: Dodged            ||    24

Table legend:
 A = Non-vault XP
 B = Vault XP
 C = Vault XP percentage of total XP
 D = Non-vault monster count
 E = Vault monster count
 F = Vault count percentage of total count
                 A         B        C        D         E       F
            +---------+---------+-------+---------+---------+-------
      Total |      71 |       0 |   0.0 |      26 |       0 |   0.0
            +---------+---------+-------+---------+---------+-------
        D:2 |      26 |       0 |   0.0 |      14 |       0 |   0.0
        D:3 |      45 |       0 |   0.0 |      12 |       0 |   0.0
            +---------+---------+-------+---------+---------+-------
